 Dungeon Crawl Stone Soup version 0.19.5 (webtiles) character file.

41 RaHiT the Magician (level 3, -2/25 HPs)
             Began as a Mummy Conjurer on May 16, 2017.
             Slain by an adder (3 damage)
             ... on level 1 of the Dungeon.
             The game lasted 00:05:04 (1414 turns).

RaHiT the Magician (Mummy Conjurer)                 Turns: 1414, Time: 00:05:04

Health: -2/25      AC:  2    Str: 11    XL:     3   Next: 32%
Magic:  4/7        EV: 12    Int: 15    God:
Gold:   29         SH:  0    Dex: 12    Spells: 2 memorised, 5 levels left

rFire  x . .     SeeInvis .     (no weapon)
rCold  + . .     Gourm    .     a - +0 robe
rNeg   + + +     Faith    .     (no shield)
rPois  ∞         Spirit   .     (no helmet)
rElec  .         Reflect  .     (no cloak)
rCorr  .         Harm     .     (no gloves)
MR     .....                    (no boots)
Stlth  ++........               (no amulet)
                                (no ring)
                                (no ring)

@: no status effects
A: no food or potions, fire vulnerability, cold resistance 1, negative energy
resistance 3, torment resistance, unbreathing
a: no special abilities


You were on level 1 of the Dungeon.
You were not hungry.

You visited 1 branch of the dungeon, and saw 2 of its levels.

You collected 29 gold pieces.

Inventory:

Armour
 a - a +0 robe (worn)
Scrolls
 d - a scroll of fog
 e - 2 scrolls of remove curse
 f - a scroll of enchant armour
 g - a scroll of random uselessness
Books
 b - a book of Conjurations

   Spells                             Type                      Level
   a - Magic Dart                     Conjuration                  1
   b - Searing Ray                    Conjuration                  2
   c - Dazzling Spray                 Conjuration/Hexes            3
   d - Fulminant Prism                Conjuration/Hexes            4
   e - Iskenderun's Mystic Blast      Conjuration                  4
   f - Iskenderun's Battlesphere      Conjuration/Charms           5


   Skills:
 + Level 0.4 Fighting
 - Level 1.5 Dodging
 - Level 1.5 Stealth
 + Level 0.2 Unarmed Combat
 + Level 3.3 Spellcasting
 - Level 3.2 Conjurations


You had 5 spell levels left.
You knew the following spells:

 Your Spells              Type           Power        Failure   Level  Hunger
a - Magic Dart            Conj           ##..         6%          1    N/A
q - Searing Ray           Conj           ##....       10%         2    N/A

Dungeon Overview and Level Annotations

Branches:
Dungeon (2/15)

Altars:
Qazlal


Innate Abilities, Weirdness & Mutations

You do not eat or drink.
Your flesh is vulnerable to fire.
You are immune to poison.
Your flesh is cold resistant. (rC+)
You are immune to negative energy. (rN+++)
You are immune to unholy pain and torment.
You can survive without breathing.


Message History

The adder barely misses you.
As you read the scroll of identify, it crumbles to dust.
e - 2 scrolls of remove curse The adder barely misses you.
The adder closely misses you.
As you read the scroll of identify, it crumbles to dust.
f - a scroll of enchant armour The adder bites you but does no damage.
The adder barely misses you.
As you read the scroll of identify, it crumbles to dust.
g - a scroll of random uselessness The adder bites you.
* * * LOW HITPOINT WARNING * * *
The adder bites you.
* * * LOW HITPOINT WARNING * * *
The adder barely misses you. The adder bites you but does no damage.
As you read the scroll labeled FUFRERI EGACU, it crumbles to dust.
The creatures around you are filled with an inner flame!
It was a scroll of immolation.
The adder barely misses you. The adder misses you. The adder bites you.
You die...

......#...............#
.%....#...............#
......#...............#
......#...............#
......#########'#'#####
......######.......#
.................S.#
................S>.#
................@..#
......######.......#
####### #.......#
#.......# #########


You could see 2 adders.

Vanquished Creatures
  An ooze (D:1)
  A leopard gecko (D:1)
  4 bats (D:1)
  A giant cockroach (D:1)
  5 goblins (D:1)
  4 hobgoblins (D:1)
  6 jackals
  6 kobolds (D:1)
  A ball python (D:1)
  2 frilled lizards (D:1)
  A rat (D:1)
32 creatures vanquished.

Notes
Turn   | Place    | Note
-------+----------+-------------------------------------------
     0 | D:1      | RaHiT the Mummy Conjurer began the quest for the Orb.
     0 | D:1      | Reached XP level 1. HP: 13/13 MP: 3/3
   176 | D:1      | Reached XP level 2. HP: 19/19 MP: 0/5
   180 | D:1      | Learned a level 2 spell: Searing Ray
   811 | D:1      | Reached XP level 3. HP: 24/24 MP: 4/7
  1377 | D:2      | Found a stormy altar of Qazlal.
  1412 | D:1      | HP: 1/25 [adder (3)]
  1414 | D:1      | Slain by an adder

Skill      XL: |  1  2 |
---------------+-------+-----
Spellcasting   | 3 |  3.3
Fighting       | |  0.4
Dodging        | |  1.5
Stealth        | |  1.5
Unarmed Combat | |  0.2
Conjurations   | |  3.2

Action                   || total
-------------------------++-------
Melee: Unarmed           ||    18
 Cast: Magic Dart        ||    65
       Searing Ray       ||     3
  Use: Scroll            ||     5
Armor: Robe              ||     6
Dodge: Dodged            ||    36
